Map: Deathaura LE

Players

HeroMarine - Winner!

  • Race: Terran Terran
  • League: Master
  • Spawn Location: 11:00

Denver

  • Race: Zerg Zerg
  • League: Master
  • Spawn Location: 5:00

Event: StayAtHomestory Cup #2

VOD

Have the link to the VOD?

Description

Time

  • Played on: June 12, 2020, 10:58 a.m.
  • Length: 13:08

All games in this series

Show
View Real Time Build Order
Export as new Build Order

HeroMarine Terran - Winner!

Build Orders: Hellion Opening, Reaper Expand 

Get SALT Encoding   

  12  0:00  SCV  
  13  0:12  SCV  
  14  0:17  Supply Depot  
  14  0:24  SCV  
  15  0:39  SCV  
  15  0:40  Barracks  
  16  0:44  Refinery  
  16  0:51  SCV  
  17  1:03  SCV  
  18  1:15  SCV  
  19  1:27  Orbital Command, Reaper  
  20  1:40  Command Center  
  20  1:48  Supply Depot  
  20  1:53  SCV  
  21  1:59  Marine  
  22  2:04  Bunker  
  22  2:05  SCV  
  23  2:14  Factory  
  23  2:17  SCV  
  23  2:22  Barracks Reactor  
  24  2:29  SCV  
  25  2:32  Engineering Bay  
  25  2:41  SCV  
  26  2:52  Command Center  
  26  2:53  SCV  
  27  3:05  Orbital Command  
  27  3:06  Hellion  
  27  3:10  Hellion  
  32  3:12  SCV  
  32  3:18  Barracks Tech Lab  
  32  3:25  SCV  
  33  3:29  Hellion  
  33  3:30  SCV  
  33  3:32  Hellion  
  38  3:39  Marine  
  38  3:43  SCV x2  
  40  3:53  Hellion x2  
  40  3:55  SCV x2  
  46  3:57  Refinery  
  46  4:04  Marine  
  46  4:05  Engineering Bay x2, Orbital Command  
  46  4:07  SCV x2  
  49  4:14  Hellion  
  49  4:15  Hellion  
  53  4:19  SCV x2  
  53  4:21  Marine  
  58  4:31  SCV x2  
  58  4:32  Terran Infantry Armor Level 1, Terran Infantry Weapons Level 1  
  58  4:34  SCV  
  61  4:45  Bunker  
  61  4:49  Bunker  
  61  4:50  Marine x2  
  61  4:55  SCV  
  59  5:01  SCV  
  59  5:02  SCV  
  59  5:05  Barracks  
  59  5:07  Barracks  
  61  5:08  Marine x2  
  61  5:09  SCV, Siege Tank  
  61  5:10  Supply Depot x2  
  61  5:13  SCV  
  61  5:14  SCV  
  69  5:19  Bunker  
  69  5:23  SCV  
  69  5:26  SCV x2, Marine  
  69  5:29  Marine  
  69  5:35  SCV  
  69  5:37  Refinery  
  69  5:38  SCV x2, Armory, Refinery  
  69  5:41  Siege Tank  
  74  5:44  Marine  
  74  5:47  SCV, Marine  
  74  5:49  Supply Depot  
  77  5:50  SCV x2  
  77  5:51  Supply Depot  
  77  5:55  Barracks Tech Lab  
  77  5:56  Barracks Tech Lab  
  79  5:59  SCV  
  79  6:01  Orbital Command  
  79  6:02  SCV, Marine  
  82  6:08  Marine  
  83  6:11  SCV  
  83  6:14  SCV  
  81  6:20  Marine  
  81  6:23  SCV, Marine x2  
  81  6:24  Siege Tank, Stimpack  
  80  6:26  SCV, Marine  
  80  6:27  SCV  
  80  6:28  Terran Infantry Weapons Level 2  
  83  6:35  SCV  
  83  6:37  Barracks x2  
  84  6:40  Terran Infantry Armor Level 2  
  84  6:41  SCV x2  
  86  6:47  Starport  
  86  6:48  SCV  
  86  6:53  SCV x2  
  89  6:55  Marine x2  
  89  6:58  Barracks Reactor  
  89  7:00  SCV  
  92  7:02  Supply Depot x2  
  92  7:04  Barracks  
  92  7:05  Barracks, SCV x2, Combat Shield  
  94  7:10  Barracks  
  94  7:13  SCV  
  94  7:14  Marine x2, Supply Depot x2  
  97  7:17  Siege Tank  
  100  7:26  Refinery  
  100  7:27  Command Center, Barracks Reactor x2  
  100  7:29  SCV x2  
  102  7:31  SCV  
  102  7:36  Marine x2  
  105  7:41  Medivac x2  
  109  7:45  Marine x2  
  109  7:46  Missile Turret  
  109  7:48  Missile Turret  
  109  7:50  Missile Turret  
  109  7:51  Siege Tank  
  114  7:54  Marine, Barracks Reactor  
  114  7:55  Barracks Tech Lab  
  114  7:56  Barracks Tech Lab  
  114  7:57  Marine  
  117  7:58  SCV x3  
  117  7:59  Refinery  
  117  8:03  Marine x2  
  121  8:11  Medivac x2, Marine, Supply Depot  
  121  8:12  Supply Depot  
  126  8:13  Supply Depot  
  126  8:15  Marine x6  
  132  8:20  Marine  
  132  8:21  Supply Depot  
  132  8:22  Supply Depot  
  133  8:32  Marine x5  
  133  8:34  Supply Depot  
  138  8:35  Supply Depot  
  138  8:41  Medivac x2  
  138  8:43  Marine x2  
  144  8:48  SCV x2  
  144  8:49  SCV  
  144  8:52  Marine  
  144  8:53  Marine x3  
  144  8:54  Marine x2, Terran Infantry Weapons Level 3  
  158  8:56  Marauder x3  
  158  8:57  Marauder  
  158  9:00  SCV  
  158  9:01  SCV x2  
  164  9:04  Factory Reactor  
  164  9:05  Planetary Fortress  
  164  9:11  Marine x3  
  164  9:12  Marine x2  
  164  9:13  Marine x2  
  164  9:15  Marine  
  172  9:17  Marine, Marauder x2  
  172  9:18  Marine  
  172  9:19  Terran Infantry Armor Level 3  
  178  9:24  Concussive Shells  
  178  9:29  Marine x2  
  180  9:35  Marauder  
  180  9:36  Marauder  
  180  9:37  Marine  
  183  9:39  Marauder x2  
  183  9:40  Marine x2  
  183  9:41  Marine x3  
  192  9:46  Marine  
  192  9:47  Marine  
  192  9:49  SCV x2  
  192  9:52  SCV x2  
  189  9:57  Marauder  
  189  9:58  Marauder  
  190  10:00  Marauder x2  
  190  10:04  SCV  
  190  10:05  SCV x3, Marine  
  190  10:06  Marine, Medivac  
  200  10:14  Missile Turret x2  
  200  10:15  Missile Turret  
  193  10:37  Marine x5  
  193  10:38  Marauder  
  164  10:44  Marine x4  
  164  10:45  Marine, Marauder  
  164  10:48  Widow Mine, Medivac x2  
  164  10:49  Widow Mine  
  149  10:55  Missile Turret, Marine x5  
  153  10:57  Missile Turret  
  153  11:00  Marauder  
  153  11:01  Marine  
  153  11:02  Marine x2  
  153  11:03  Marauder x2  
  158  11:07  Marauder  
  158  11:10  Widow Mine x2  
  164  11:11  Command Center  
  164  11:12  Marine  
  164  11:13  Marine x3  
  164  11:14  Factory  
  163  11:21  Marauder  
  163  11:24  Marauder x2  
  167  11:27  Marine x2  
  167  11:28  Marauder  
  167  11:30  Medivac x2  
  151  11:34  Marine x3  
  151  11:36  Marine x3  
  151  11:39  Widow Mine x2  
  150  11:42  Marauder  
  150  11:45  Marine x2  
  150  11:46  Marauder x2  
  158  11:49  Marauder  
  158  11:52  Marine x3  
  163  11:54  Marine x3  
  163  12:00  Widow Mine x2, Medivac x2  
  172  12:03  Marine x2  
  172  12:04  Marauder  
  172  12:07  Marauder x2  
  180  12:09  Marine  
  180  12:10  Marine x2  
  180  12:11  Marauder  
  180  12:12  Marine x3  
  187  12:18  Missile Turret  
  187  12:20  Marine  
  187  12:21  Marine  
  187  12:22  Widow Mine x2  
  186  12:25  Marauder  
  186  12:27  Marine x2  
  186  12:28  SCV x2, Marauder x2  
  186  12:29  SCV x2  
  152  12:30  Medivac  
  152  12:32  Medivac, Marauder  
  154  12:37  Orbital Command  
  154  12:40  SCV x2  
  154  12:41  SCV x2  
  154  12:43  Widow Mine x2  
  160  12:44  Marine  
  160  12:45  Marine x3  
  160  12:47  Marauder  
Show
View Real Time Build Order
Export as new Build Order

Denver Zerg 

Build Orders: Hatch First, Muta Ling Bane 

Get SALT Encoding   

  12  0:00  Drone  
  13  0:12  Overlord  
  13  0:16  Drone  
  14  0:31  Drone x2  
  16  0:47  Hatchery  
  15  0:52  Drone  
  15  0:55  Drone  
  17  0:59  Drone  
  18  1:10  Extractor  
  17  1:13  Spawning Pool  
  17  1:17  Drone  
  17  1:20  Drone  
  18  1:29  Drone  
  19  1:39  Drone  
  20  1:49  Drone  
  21  2:00  Queen x2  
  21  2:01  Zergling x4  
  27  2:11  Metabolic Boost  
  27  2:13  Overlord  
  27  2:15  Drone  
  28  2:27  Extractor  
  28  2:28  Drone  
  28  2:32  Drone x2  
  28  2:36  Queen  
  33  2:42  Overlord  
  33  2:48  Drone x2  
  35  2:58  Hatchery  
  34  2:59  Overlord  
  34  3:02  Drone  
  34  3:04  Drone  
  36  3:11  Drone x3  
  36  3:12  Drone  
  40  3:17  Drone  
  41  3:21  Queen  
  41  3:26  Drone x2  
  44  3:31  Drone  
  45  3:39  Drone  
  46  3:45  Roach Warren  
  46  3:46  Extractor, Drone x3  
  46  3:47  Overlord x2  
  47  3:51  Overlord  
  47  4:03  Overlord  
  47  4:26  Roach x10  
  47  4:29  Zergling x2  
  47  4:30  Zergling x4  
  70  4:31  Overlord  
  70  4:37  Zergling x2  
  71  4:41  Drone  
  71  4:44  Drone  
  73  4:47  Overlord  
  73  4:48  Drone  
  73  4:49  Drone x4  
  78  4:53  Drone x2  
  78  4:59  Lair  
  80  5:02  Drone  
  80  5:03  Drone x3  
  80  5:04  Overlord  
  84  5:09  Drone  
  84  5:14  Drone  
  85  5:15  Evolution Chamber  
  85  5:17  Evolution Chamber  
  85  5:20  Drone x2  
  85  5:26  Drone x5  
  85  5:27  Drone  
  87  5:33  Hatchery  
  87  5:34  Drone x4  
  88  5:39  Overlord  
  88  5:42  Zerg Ground Armor Level 1  
  88  5:43  Baneling Nest, Zerg Melee Weapons Level 1  
  88  5:44  Drone  
  88  5:45  Drone  
  88  5:49  Extractor x2, Drone x2  
  89  5:51  Overlord  
  89  5:53  Queen  
  92  5:57  Drone x3  
  92  6:04  Zergling x12  
  99  6:08  Drone x4  
  91  6:19  Drone x3  
  91  6:26  Centrifical Hooks  
  91  6:28  Drone x7  
  98  6:35  Zergling x6  
  100  6:40  Spire  
  100  6:41  Queen  
  100  6:43  Extractor  
  100  6:44  Drone  
  100  6:46  Extractor  
  100  6:48  Drone x3  
  103  6:57  Baneling x5  
  103  6:59  Baneling x3  
  103  7:00  Drone x9  
  112  7:02  Overlord  
  112  7:08  Overlord  
  112  7:09  Zergling x2  
  112  7:14  Pneumatized Carapace  
  113  7:17  Zergling x4  
  113  7:18  Zergling x6  
  113  7:22  Extractor  
  117  7:25  Zergling x8  
  121  7:30  Baneling x8  
  121  7:33  Ravager x3  
  121  7:35  Zergling x16  
  132  7:39  Overlord x2  
  132  7:41  Hatchery  
  131  7:46  Zerg Melee Weapons Level 2  
  131  7:49  Drone, Overseer  
  132  7:51  Overlord  
  132  7:53  Overlord  
  132  7:55  Zergling x12  
  132  7:56  Zergling x4  
  140  8:02  Zerg Ground Armor Level 2  
  140  8:05  Zergling x2  
  140  8:06  Zergling x12  
  140  8:12  Zergling x14  
  154  8:18  Drone  
  154  8:19  Drone x3  
  158  8:21  Baneling x7  
  158  8:24  Burrow  
  157  8:29  Drone x6  
  162  8:34  Zerg Flyer Weapons Level 1  
  162  8:36  Mutalisk x2  
  162  8:37  Overlord x2  
  162  8:39  Overlord  
  166  8:42  Overlord  
  166  8:44  Overlord  
  166  8:50  Overlord x3  
  166  8:54  Mutalisk x3  
  172  8:57  Overlord  
  172  9:05  Infestation Pit  
  171  9:10  Mutalisk x4  
  171  9:14  Drone x2  
  181  9:17  Mutalisk  
  183  9:26  Zergling x32  
  183  9:27  Zergling x2  
  196  9:35  Zergling x2  
  196  9:36  Zergling x4  
  187  9:43  Baneling x14  
  182  9:47  Zergling x18  
  182  9:48  Zergling x8  
  188  9:57  Zergling x10  
  187  10:01  Baneling  
  187  10:02  Baneling x17  
  187  10:05  Zergling x12  
  190  10:09  Overseer  
  190  10:13  Zergling x6  
  193  10:15  Hive  
  193  10:21  Hatchery  
  192  10:24  Zergling x14  
  183  10:39  Zergling x30  
  165  10:49  Mutalisk x6  
  160  10:50  Drone x2  
  160  10:51  Drone x3  
  160  10:54  Queen, Zergling x8  
  166  10:59  Zergling x2  
  166  11:00  Zergling x2  
  162  11:04  Baneling x3  
  162  11:05  Baneling  
  162  11:07  Baneling x4  
  162  11:08  Baneling  
  162  11:10  Zergling x12  
  168  11:16  Zergling x8  
  168  11:17  Baneling  
  168  11:18  Baneling x4  
  169  11:23  Zergling x22  
  170  11:31  Zergling x8  
  157  11:33  Zergling x2  
  157  11:34  Zergling x2  
  157  11:37  Zergling x2  
  157  11:39  Baneling  
  148  11:40  Baneling x12  
  148  11:41  Queen  
  148  11:44  Zergling x10  
  148  11:45  Queen  
  157  11:48  Zergling x10  
  157  11:49  Zergling x4  
  157  11:50  Baneling x6  
  157  11:54  Zergling x2  
  165  11:59  Baneling x5  
  165  12:02  Zergling x8  
  165  12:06  Zergling x2  
  165  12:07  Zergling x8  
  165  12:08  Baneling x5  
  174  12:09  Drone x2  
  170  12:17  Baneling x5  
  170  12:20  Zergling x20  
  174  12:27  Zergling x6  
  140  12:32  Zergling x4  
  133  12:37  Baneling x11  
  133  12:39  Zergling x6  
  133  12:42  Zergling x4  
  140  12:47  Zergling x2  
  140  12:48  Zergling x10  
  146  12:56  Hatchery  
Tags
 
Add a new tag
Caveats
  • Supply blocks, unpowered buildings, or Contaminate may cause inaccurate times.
  • Supply counts are checked every 10 seconds.